[ AOE2 MATCH · #495498381 ]
UnrankedMongols vs Chinese
Player's team · LOSS
Rival team · WIN
[ REPLAY ANALYSIS · EXTRACTED FROM THE RECORDED GAME ]
Feudal
9:06
Castle
20:30
Imperial
40:53
| APM avg | 55.0 |
| APM peak | 88 |
| eAPM avg | 30.6 |
| Villagers / military | 151 / 80 |
Focus
⚔️ 28.0% · 🌾 72.0%
Mangudai ×57 · Trebuchet (Packed) ×10 · Archer ×7 · Mangonel ×6
Feudal
10:23
Castle
15:03
Imperial
40:43
| APM avg | 43.5 |
| APM peak | 71 |
| eAPM avg | 29.5 |
| Villagers / military | 183 / 92 |
Focus
⚔️ 38.1% · 🌾 61.9%
Chu Ko Nu ×45 · Fire Lancer ×31 · Trebuchet (Packed) ×8 · Battering Ram ×3 · Iron Pagoda ×2 · Monk ×1
Match map
Initial resources + every placement click. Lines = walls · curves = elevation contours. ◆ gold · ⬟ stone · ● berries · ✦ relic · ◌ wall gap
Your base· Open — opponent sealed themselves in
Xing Xhe's base· ✓ Closed at 15:03 · 79t walls · 1 gate(s)
Smoothed initial terrain · ◌ = detected wall gap · hover for details
Inputs per minute
— HR FabiaN - - Xing Xhe
Build order — HR FabiaN
First 150 of 376 actions detected
| 0:04 | Build | Town Center |
| 1:06 | Queue | Villager (Male) |
| 1:06 | Queue | Villager (Male) |
| 1:06 | Queue | Villager (Male) |
| 1:07 | Queue | Villager (Male) |
| 1:56 | Queue | Villager (Male) |
| 2:27 | Queue | Villager (Male) |
| 2:32 | Build | Lumber Camp |
| 3:00 | Queue | Villager (Male) |
| 3:01 | Queue | Villager (Male) |
| 3:01 | Queue | Villager (Male) |
| 3:01 | Queue | Villager (Male) |
| 3:10 | Queue | Villager (Male) |
| 3:47 | Queue | Villager (Male) |
| 4:13 | Build | Mill |
| 4:19 | Queue | Villager (Male) |
| 4:20 | Queue | Villager (Male) |
| 4:31 | Build | Palisade Wall |
| 4:32 | Build | Palisade Wall |
| 4:34 | Build | House |
| 4:36 | Queue | Villager (Male) |
| 5:51 | Build | Palisade Wall |
| 6:12 | Queue | Villager (Male) |
| 6:33 | Research | Feudal Age |
| 6:39 | Build | Mining Camp |
| 7:22 | Build | Palisade Wall |
| 8:03 | Build | Barracks |
| 9:06 | Age | Feudal Age |
| 9:11 | Build | Watch Tower |
| 9:16 | Queue | Villager (Male) |
| 9:22 | Build | Archery Range |
| 9:29 | Queue | Villager (Male) |
| 9:42 | Research | Double-Bit Axe |
| 9:42 | Research | Double-Bit Axe |
| 9:42 | Research | Double-Bit Axe |
| 9:42 | Research | Double-Bit Axe |
| 9:47 | Research | Loom |
| 9:50 | Queue | Villager (Male) |
| 10:08 | Queue | Villager (Male) |
| 10:21 | Queue | Archer |
| 10:21 | Queue | Archer |
| 10:24 | Build | House |
| 10:35 | Queue | Villager (Male) |
| 10:56 | Queue | Villager (Male) |
| 11:10 | Build | Watch Tower |
| 11:14 | Queue | Archer |
| 11:22 | Queue | Villager (Male) |
| 11:28 | Queue | Villager (Male) |
| 11:36 | Build | Mill |
| 11:40 | Build | Mining Camp |
| 11:57 | Queue | Villager (Male) |
| 12:09 | Queue | Archer |
| 12:14 | Build | House |
| 12:27 | Build | Watch Tower |
| 12:32 | Queue | Villager (Male) |
| 12:34 | Build | Farm |
| 12:40 | Queue | Villager (Male) |
| 12:43 | Build | Farm |
| 12:47 | Queue | Villager (Male) |
| 13:09 | Queue | Villager (Male) |
| 13:16 | Queue | Villager (Male) |
| 13:19 | Build | House |
| 13:21 | Build | House |
| 13:47 | Queue | Villager (Male) |
| 13:49 | Build | Farm |
| 14:04 | Queue | Archer |
| 14:10 | Queue | Villager (Male) |
| 14:14 | Build | Blacksmith |
| 14:46 | Queue | Villager (Male) |
| 14:51 | Build | Watch Tower |
| 15:15 | Queue | Villager (Male) |
| 15:26 | Build | House |
| 15:27 | Queue | Villager (Male) |
| 15:29 | Queue | Archer |
| 15:36 | Build | Mining Camp |
| 15:40 | Queue | Archer |
| 15:52 | Research | Loom |
| 15:52 | Research | Loom |
| 15:52 | Research | Loom |
| 15:58 | Queue | Villager (Male) |
| 16:26 | Build | Market |
| 17:32 | Queue | Villager (Male) |
| 17:50 | Research | Castle Age |
| 18:07 | Research | Fletching |
| 18:07 | Research | Fletching |
| 18:07 | Research | Fletching |
| 18:07 | Research | Fletching |
| 18:50 | Build | Market |
| 18:54 | Build | Stable |
| 19:29 | Build | House |
| 19:54 | Build | House |
| 20:29 | Queue | Villager (Male) |
| 20:30 | Age | Castle Age |
| 20:36 | Build | Castle |
| 20:38 | Research | Bodkin Arrow |
| 20:38 | Research | Bodkin Arrow |
| 20:38 | Research | Bodkin Arrow |
| 20:45 | Build | Farm |
| 20:49 | Build | Mill |
| 21:00 | Build | Farm |
| 21:23 | Queue | Villager (Male) |
| 21:36 | Queue | Villager (Male) |
| 21:41 | Build | Siege Workshop |
| 21:42 | Queue | Villager (Male) |
| 21:51 | Queue | Mangudai |
| 21:52 | Queue | Mangudai |
| 21:58 | Build | Farm |
| 22:01 | Build | Mill |
| 22:04 | Queue | Mangudai |
| 22:05 | Queue | Villager (Male) |
| 22:24 | Build | Farm |
| 22:35 | Queue | Villager (Male) |
| 22:37 | Queue | Mangudai |
| 22:40 | Queue | Mangonel |
| 22:40 | Queue | Mangudai |
| 22:54 | Queue | Mangudai |
| 23:00 | Research | Bow Saw |
| 23:00 | Research | Bow Saw |
| 23:00 | Research | Bow Saw |
| 23:16 | Queue | Mangudai |
| 23:22 | Queue | Villager (Male) |
| 23:23 | Build | Farm |
| 23:34 | Research | Padded Archer Armor |
| 23:34 | Queue | Villager (Male) |
| 23:40 | Build | Lumber Camp |
| 23:52 | Queue | Mangudai |
| 23:52 | Queue | Mangudai |
| 24:07 | Queue | Mangonel |
| 24:09 | Queue | Villager (Male) |
| 24:17 | Queue | Mangudai |
| 24:40 | Queue | Mangudai |
| 24:47 | Queue | Mangudai |
| 25:14 | Queue | Villager (Male) |
| 25:18 | Build | House |
| 25:26 | Queue | Villager (Male) |
| 25:29 | Queue | Mangonel |
| 25:52 | Queue | Villager (Male) |
| 25:53 | Queue | Mangudai |
| 26:07 | Queue | Mangudai |
| 26:08 | Queue | Villager (Male) |
| 26:41 | Queue | Mangudai |
| 26:41 | Queue | Mangudai |
| 26:52 | Queue | Mangudai |
| 26:52 | Queue | Mangudai |
| 26:59 | Queue | Villager (Male) |
| 27:42 | Queue | Mangudai |
| 27:49 | Queue | Villager (Male) |
| 27:50 | Queue | Mangudai |
| 28:16 | Queue | Villager (Male) |
| 28:18 | Queue | Villager (Male) |
Build order — Xing Xhe
First 150 of 448 actions detected
| 0:03 | Build | Town Center |
| 1:04 | Research | Loom |
| 1:32 | Queue | Villager (Male) |
| 1:33 | Queue | Villager (Male) |
| 1:53 | Queue | Villager (Male) |
| 1:53 | Queue | Villager (Male) |
| 2:01 | Build | Lumber Camp |
| 2:20 | Queue | Villager (Male) |
| 2:38 | Queue | Villager (Male) |
| 3:06 | Queue | Villager (Male) |
| 3:27 | Queue | Villager (Male) |
| 3:27 | Queue | Villager (Male) |
| 4:01 | Queue | Villager (Male) |
| 4:02 | Queue | Villager (Male) |
| 4:08 | Queue | Villager (Male) |
| 4:28 | Build | Palisade Wall |
| 4:44 | Queue | Villager (Male) |
| 5:01 | Build | Palisade Wall |
| 5:07 | Queue | Villager (Male) |
| 5:20 | Build | Palisade Wall |
| 5:22 | Build | Palisade Wall |
| 5:22 | Build | Palisade Wall |
| 5:26 | Queue | Villager (Male) |
| 5:26 | Queue | Villager (Male) |
| 5:28 | Build | Mill |
| 5:46 | Build | Palisade Gate |
| 6:08 | Queue | Villager (Male) |
| 6:11 | Queue | Villager (Male) |
| 6:14 | Build | House |
| 6:19 | Build | House |
| 6:23 | Build | Palisade Wall |
| 6:24 | Build | Palisade Wall |
| 6:25 | Build | Palisade Wall |
| 6:26 | Build | Palisade Wall |
| 6:27 | Queue | Villager (Male) |
| 6:35 | Queue | Villager (Male) |
| 6:42 | Build | Mining Camp |
| 6:49 | Build | Palisade Wall |
| 6:56 | Build | Palisade Wall |
| 6:58 | Build | Palisade Wall |
| 7:25 | Queue | Villager (Male) |
| 7:50 | Build | Palisade Gate |
| 7:59 | Build | Palisade Wall |
| 8:11 | Build | Palisade Wall |
| 8:13 | Build | Palisade Wall |
| 8:13 | Research | Feudal Age |
| 8:14 | Research | Feudal Age |
| 8:35 | Build | Palisade Wall |
| 9:16 | Queue | Villager (Male) |
| 9:30 | Build | Palisade Wall |
| 9:33 | Build | Palisade Wall |
| 10:23 | Age | Feudal Age |
| 10:40 | Build | Stone Wall |
| 10:44 | Queue | Villager (Male) |
| 10:50 | Queue | Villager (Male) |
| 10:58 | Build | Market |
| 11:02 | Build | Blacksmith |
| 11:22 | Build | Stone Wall |
| 11:37 | Queue | Villager (Male) |
| 11:50 | Build | Palisade Wall |
| 11:54 | Build | Stone Wall |
| 12:06 | Build | Lumber Camp |
| 12:14 | Build | Stone Wall |
| 12:17 | Build | Stone Wall |
| 12:23 | Research | Castle Age |
| 12:59 | Build | Stone Wall |
| 14:01 | Research | Double-Bit Axe |
| 14:05 | Research | Horse Collar |
| 14:05 | Research | Horse Collar |
| 14:44 | Build | Barracks |
| 15:03 | Age | Castle Age |
| 15:07 | Build | Siege Workshop |
| 15:16 | Queue | Villager (Male) |
| 15:19 | Build | House |
| 15:22 | Research | Town Watch |
| 15:22 | Research | Town Watch |
| 15:34 | Queue | Iron Pagoda |
| 15:40 | Queue | Fire Lancer |
| 15:48 | Queue | Villager (Male) |
| 15:53 | Build | Farm |
| 15:54 | Build | Farm |
| 16:08 | Build | House |
| 16:13 | Build | House |
| 16:19 | Build | Stone Wall |
| 16:29 | Build | Farm |
| 16:31 | Build | Farm |
| 16:46 | Build | House |
| 16:55 | Build | Farm |
| 17:06 | Queue | Villager (Male) |
| 17:16 | Build | Stone Wall |
| 17:34 | Queue | Battering Ram |
| 17:41 | Queue | Villager (Male) |
| 17:41 | Queue | Villager (Male) |
| 17:59 | Build | Farm |
| 18:04 | Build | Farm |
| 18:12 | Queue | Villager (Male) |
| 18:16 | Build | Gate |
| 18:40 | Queue | Fire Lancer |
| 18:40 | Queue | Militia |
| 18:47 | Queue | Villager (Male) |
| 18:51 | Queue | Fire Lancer |
| 19:06 | Queue | Villager (Male) |
| 19:06 | Queue | Villager (Male) |
| 19:30 | Build | Farm |
| 19:31 | Queue | Villager (Male) |
| 19:46 | Queue | Fire Lancer ×3 |
| 20:00 | Queue | Villager (Male) |
| 20:07 | Build | House |
| 20:07 | Build | House |
| 20:16 | Build | Town Center |
| 20:24 | Queue | Scorpion |
| 20:27 | Queue | Villager (Male) |
| 20:40 | Queue | Fire Lancer |
| 20:41 | Queue | Villager (Male) |
| 20:41 | Queue | Villager (Male) |
| 20:48 | Queue | Villager (Male) |
| 21:14 | Queue | Villager (Male) |
| 21:32 | Queue | Villager (Male) |
| 21:51 | Queue | Fire Lancer |
| 21:55 | Build | Farm |
| 21:56 | Build | Farm |
| 22:00 | Queue | Villager (Male) |
| 22:09 | Research | Scale Mail Armor |
| 22:12 | Queue | Fire Lancer |
| 22:15 | Queue | Villager (Male) |
| 22:26 | Queue | Villager (Male) |
| 22:26 | Queue | Villager (Male) |
| 22:34 | Queue | Villager (Male) |
| 22:40 | Build | Monastery |
| 22:50 | Build | Mining Camp |
| 22:55 | Queue | Villager (Male) |
| 23:09 | Queue | Villager (Male) |
| 23:20 | Research | Bow Saw |
| 23:21 | Research | Gold Mining |
| 23:26 | Queue | Monk |
| 23:32 | Queue | Fire Lancer |
| 23:33 | Queue | Villager (Male) |
| 23:43 | Build | Outpost |
| 23:44 | Queue | Villager (Male) |
| 23:45 | Queue | Villager (Male) |
| 23:45 | Queue | Villager (Male) |
| 24:00 | Queue | Villager (Male) |
| 24:15 | Queue | Fire Lancer |
| 24:17 | Queue | Villager (Male) |
| 24:31 | Queue | Villager (Male) |
| 24:32 | Queue | Villager (Male) |
| 25:10 | Queue | Villager (Male) |
| 25:13 | Queue | Iron Pagoda |
| 25:21 | Queue | Villager (Male) |
| 25:21 | Queue | Villager (Male) |
Match timeline
| 4:28 | Xing Xhe · wall_segment Palisade Wall x3 |
| 4:31 | HR FabiaN · wall_segment Palisade Wall x1 |
| 4:32 | HR FabiaN · wall_segment Palisade Wall x1 |
| 5:01 | Xing Xhe · wall_segment Palisade Wall x2 |
| 5:20 | Xing Xhe · wall_segment Palisade Wall x13 |
| 5:22 | Xing Xhe · wall_segment Palisade Wall x1 |
| 5:22 | Xing Xhe · wall_segment Palisade Wall x1 |
| 5:51 | HR FabiaN · wall_segment Palisade Wall x7 |
| 6:23 | Xing Xhe · wall_segment Palisade Wall x1 |
| 6:24 | Xing Xhe · wall_segment Palisade Wall x1 |
| 6:25 | Xing Xhe · wall_segment Palisade Wall x1 |
| 6:26 | Xing Xhe · wall_segment Palisade Wall x1 |
| 6:49 | Xing Xhe · wall_segment Palisade Wall x8 |
| 6:56 | Xing Xhe · wall_segment Palisade Wall x4 |
| 6:58 | Xing Xhe · wall_segment Palisade Wall x6 |
| 7:22 | HR FabiaN · wall_segment Palisade Wall x1 |
| 7:59 | Xing Xhe · wall_segment Palisade Wall x1 |
| 8:03 | HR FabiaN · first_building Barracks |
| 8:11 | Xing Xhe · wall_segment Palisade Wall x1 |
| 8:13 | Xing Xhe · wall_segment Palisade Wall x1 |
| 8:35 | Xing Xhe · wall_segment Palisade Wall x1 |
| 9:06 | HR FabiaN · age_up feudal |
| 9:22 | HR FabiaN · first_building Archery Range |
| 9:30 | Xing Xhe · wall_segment Palisade Wall x7 |
| 9:33 | Xing Xhe · wall_segment Palisade Wall x1 |
| 10:23 | Xing Xhe · age_up feudal |
| 10:40 | Xing Xhe · wall_segment Stone Wall x10 |
| 11:22 | Xing Xhe · wall_segment Stone Wall x5 |
| 11:50 | Xing Xhe · wall_segment Palisade Wall x1 |
| 11:54 | Xing Xhe · wall_segment Stone Wall x1 |
| 12:14 | Xing Xhe · wall_segment Stone Wall x6 |
| 12:17 | Xing Xhe · wall_segment Stone Wall x3 |
| 12:19 | Xing Xhe · first_market_buy 100 food |
| 12:59 | Xing Xhe · wall_segment Stone Wall x6 |
| 14:44 | Xing Xhe · first_building Barracks |
| 15:03 | Xing Xhe · age_up castle |
| 15:07 | Xing Xhe · first_building Siege Workshop |
| 16:19 | Xing Xhe · wall_segment Stone Wall x4 |
| 17:16 | Xing Xhe · wall_segment Stone Wall x3 |
| 17:35 | HR FabiaN · first_market_buy 100 food |
| 17:38 | HR FabiaN · first_market_sell 100 wood |
| 18:54 | HR FabiaN · first_building Stable |
| 20:30 | HR FabiaN · age_up castle |
| 20:36 | HR FabiaN · first_building Castle |
| 21:41 | HR FabiaN · first_building Siege Workshop |
| 22:40 | Xing Xhe · first_building Monastery |
| 28:15 | Xing Xhe · first_building Castle |
| 36:06 | Xing Xhe · wall_segment Stone Wall x1 |
| 36:45 | Xing Xhe · first_market_sell 100 wood |
| 39:19 | HR FabiaN · first_building Monastery |
| 40:43 | Xing Xhe · age_up imperial |
| 40:53 | HR FabiaN · age_up imperial |
| 46:00 | HR FabiaN · resign |
[ AI ANALYSIS · 1 CREDIT ]
What really happened in this match?
Wolo.gg analyzes every decision: build order, eco, micro, common mistakes by bracket. Personalized analysis on WhatsApp or Discord in 30 seconds.
Civ guide
Mongols
Perfil
Jugador #211236